Cogmind - Beta 17.1 @@@ ROGUE MODE // 2026.09.12 @ 13:27:07 Player: Nathanio Result: Destroyed by C-17 Slicer with Blade Saw Performance ------------- Evolutions (2) 1000 Regions Visited (6) 1200 Robots Destroyed (30) 150 Value Destroyed (644) 644 Prototype IDs (25) 500 Alien Tech Used (0) 0 Bonus (300) 300 TOTAL SCORE: 3794 Bonus ------- Aligned with FarCom 300 Cogmind --------- Core Integrity 0/550 Matter 160/300 Energy 69/100 System Corruption 0% Temperature Cool (0) Movement Core (50) Location -8/Materials Parts ------- > --- POWER (1) -------- (None) > --- PROPULSION (3) --- (None) > --- UTILITY (5) ------ Improved Signal Interpreter Chronowheel > --- WEAPON (2) ------- (None) > --- INVENTORY (5) ---- Advanced Weight Redist. System Machine Analyzer Improved Sensor Array Reaction Control System Peak State ------------ > --- POWER ------------ Light Deuterium Engine > --- PROPULSION ------- Flight Unit VTOL Module Surge Thruster > --- UTILITY ---------- Advanced Weight Redist. System Visual Processing Unit Improved Signal Interpreter Reaction Control System Reaction Control System > --- WEAPON ----------- Beam Cannon Assault Cannon > --- INVENTORY -------- Ion Engine Flight Unit Scrap Suit Chronowheel [Rating: 29] Favorites ----------- Power Ion Engine Engine Ion Engine Propulsion Flight Unit Leg Aluminum Leg Wheel Compact Wheel Flight Unit Flight Unit Utility Heat Sink Device Heat Sink Storage High-capacity Storage Unit Processor Visual Processing Unit Weapon Light Assault Rifle Energy Gun Medium Laser Energy Cannon Beam Cannon Ballistic Gun Light Assault Rifle Ballistic Cannon Assault Cannon Launcher Grenade Launcher Build | -11 -10 -9 -9 -9 -8 -8 ------- Run | Yrd Mat Mat Min Exi Min Mat Slots Evolved 4 | . . 2 . . . 2 Power . | . . . . . . . Propulsion 1 | . . 1 . . . . Utility 3 | . . 1 . . . 2 Weapon . | . . . . . . . Parts Attached 41 | 6 10 3 10 . 2 10 Power 7 | 1 1 1 2 . . 2 Engine 7 | 1 1 1 2 . . 2 Core . | . . . . . . . Reactor . | . . . . . . . Propulsion 12 | 3 2 . 3 . . 4 Treads . | . . . . . . . Leg 3 | 2 1 . . . . . Wheel 2 | 1 1 . . . . . Hover . | . . . . . . . Flight 7 | . . . 3 . . 4 Utility 12 | 1 3 1 2 . 1 4 Device 7 | . 1 . 2 . . 4 Storage 3 | 1 2 . . . . . Processor 2 | . . 1 . . 1 . Hackware . | . . . . . . . Protection . | . . . . . . . Artifact . | . . . . . . . Weapon 10 | 1 4 1 3 . 1 . Energy Gun 1 | . 1 . . . . . Energy Cannon 1 | . . . 1 . . . Ballistic Gun 6 | 1 3 . 2 . . . Ballistic Cannon 1 | . . . . . 1 . Launcher 1 | . . 1 . . . . Special Weapon . | . . . . . . . Impact Weapon . | . . . . . . . Slashing Weapon . | . . . . . . . Piercing Weapon . | . . . . . . . Special Melee Weapon . | . . . . . . . Unidentified Prototypes . | . . . . . . . Parts Lost 12 | . 4 1 . . . 7 Power 3 | . 1 1 . . . 1 Propulsion 6 | . 2 . . . . 4 Utility 1 | . . . . . . 1 Weapon 2 | . 1 . . . . 1 Highest Loss Streak 6 | . 1 1 . . . 6 To Critical Strikes . | . . . . . . . Average Backups 6 | 2 6 11 7 5 4 4 Power 1 | . 1 2 1 1 . . Propulsion 1 | 1 2 1 . . . . Utility 1 | . . 2 2 2 1 2 Weapon 1 | . 1 5 3 1 . . Tool/Special . | . . . . . . . Unused Backups 17 | 2 1 2 7 1 . 4 Power 1 | . . . 1 . . . Propulsion 6 | 2 1 2 1 . . . Utility 6 | . . . 2 . . 4 Weapon 4 | . . . 3 1 . . Tool/Special . | . . . . . . . Average Slot Usage (%) 90 | . 87 84 98 100 100 88 Engine 11 | . 13 7 11 11 11 7 Leg 9 | . 21 . . . . . Wheel 5 | . 3 22 2 . . . Flight 11 | . . . 29 33 33 23 Device 12 | . 6 11 18 22 12 23 Storage 8 | . 14 11 3 . . . Processor 7 | . . 11 11 11 20 17 Energy Gun 2 | . 4 . . . . . Energy Cannon 3 | . . . 6 11 11 7 Ballistic Gun 15 | . 21 14 13 11 9 . Launcher 1 | . . 7 2 . . . Peak Build Rating 29 | 5 8 12 14 14 18 29 Average Rating 10 | 3 6 9 12 13 15 24 On Entrance 9 | . 5 7 12 13 14 18 Avg Prop Armor Cover (%) 2 | . . . . . . 2 Naked Turns . | . . . . . . . Heaviest Build 50 | 12 49 50 50 11 14 15 Greatest Support 32 | 20 32 32 32 15 15 24 Greatest Overweight (x) 15 | . 15 1 1 . . . Average Overweight (x) . | . 1 1 . . . . Largest Inventory Capacity 20 | 8 20 20 20 5 5 5 Average Capacity 12 | 6 16 20 8 5 5 5 Most Carried 20 | 4 10 20 20 5 5 5 Average Carried 6 | 2 6 11 6 4 4 4 Final Capacity 20 | 8 20 20 5 5 5 5 Final Carried 20 | 4 8 20 5 5 5 4 Class Distribution -------------------- 59% | Mutant 35% | Scavenger-Mutant 5% | Scout Dominant Class ---------------- Mutant | -10/Materials Scavenger-Mutant | -9/Materials Scavenger-Mutant | -9/Mines Scavenger-Mutant | -9/Exiles Scavenger-Mutant | -8/Mines Scout | -8/Materials Resources | -11 -10 -9 -9 -9 -8 -8 ----------- Run | Yrd Mat Mat Min Exi Min Mat Matter Collected 826 | 200 312 108 . . 136 70 Remotely . | . . . . . . . Salvage Created 745 | . 461 160 . . 47 77 Parts 51 | . 34 10 . . 1 6 Haulers Intercepted . | . . . . . . . Recyclers Shooed . | . . . . . . . Parts Field Recycled . | . . . . . . . Retrieved Matter . | . . . . . . . Parts Self-Destructed . | . . . . . . . Prevented . | . . . . . . . Parts Restored . | . . . . . . . Kills | -11 -10 -9 -9 -9 -8 -8 ------- Run | Yrd Mat Mat Min Exi Min Mat Combat Hostiles Destroyed 22 | . 16 3 . . . 3 Guns 19 | . 16 3 . . . . Cannons 2 | . . . . . . 2 Classes Destroyed 5 | . 3 1 . . . 1 Builder 1 | . . . . . . 1 Watcher 7 | . 2 4 . . . 1 Swarmer 11 | . 8 . . . . 3 Grunt 10 | . 8 2 . . . . Sentry 1 | . . 1 . . . . Best Kill Streak 5 | . 3 5 . . . 3 Combat Bots Only 3 | . 3 1 . . . 2 Max Kills in Single Turn 2 | . 2 1 . . . 2 Gunslinging 1 | . 1 . . . . . Exploded . | . . . . . . . Melee . | . . . . . . . Uniques/NPCs Destroyed . | . . . . . . . Combat | -11 -10 -9 -9 -9 -8 -8 -------- Run | Yrd Mat Mat Min Exi Min Mat Hostile Shots Fired 220 | . 105 23 . . . 92 Missed 68 | . 20 7 . . . 41 Hits 152 | . 85 16 . . . 51 Melee 21 | . . . . . . 21 Projectile 131 | . 85 16 . . . 30 AOE 3 | . . . . . . 3 Critical Strikes 10 | . . . . . . 10 Damage Taken 1954 | . 827 184 . . . 943 Core 726 | . 124 34 . . . 568 Absorbed by Shields . | . . . . . . . Core Remaining (%) 80 | 100 50 . . . 91 . Volleys Fired 125 | . 67 31 . . 6 21 Largest 2 | . 2 2 . . 2 2 Hottest 97 | . 70 50 . . 80 97 Shots Fired 207 | . 120 37 . . 12 38 Gun 159 | . 120 33 . . 6 . Cannon 44 | . . . . . 6 38 Launcher 4 | . . 4 . . . . Special . | . . . . . . . Kinetic 150 | . 90 33 . . 6 21 Thermal 53 | . 30 . . . 6 17 Explosive 4 | . . 4 . . . . Electromagnetic . | . . . . . . . Robot Hit Streak 10 | . 7 4 . . 10 2 Robot Miss Streak 5 | . 3 3 . . 1 5 Penetration Max . | . . . . . . . Secondary Targets 4 | . 4 . . . . . Max Gunslinging Chain 1 | . 1 . . . . . Shots Hit Robots 116 | . 77 17 . . 10 12 Core Hits 48 | . 31 12 . . 1 4 Critical Kills 2 | . 1 . . . . 1 Critical Parts Destroyed 3 | . 1 2 . . . . Critical Strikes 8 | . 5 2 . . . 1 Burn 3 | . 3 . . . . . Meltdown 1 | . . . . . . 1 Destroy 4 | . 2 2 . . . . Melee Attacks . | . . . . . . . Impact . | . . . . . . . Slashing . | . . . . . . . Piercing . | . . . . . . . Sneak Attacks . | . . . . . . . Combat Hostiles . | . . . . . . . Follow-up Attacks . | . . . . . . . Damage Inflicted 1631 | . 817 370 . . 124 320 Guns 1006 | . 817 152 . . 37 . Cannons 407 | . . . . . 87 320 Explosions 218 | . . 218 . . . . Melee . | . . . . . . . Ramming . | . . . . . . . Kinetic 901 | . 566 152 . . 37 146 Thermal 512 | . 251 . . . 87 174 Explosive 218 | . . 218 . . . . Electromagnetic . | . . . . . . . Impact . | . . . . . . . Slashing . | . . . . . . . Piercing . | . . . . . . . Highest Corruption . | . . . . . . . Average Corruption . | . . . . . . . Corruption Purged . | . . . . . . . Corruption Blocked . | . . . . . . . Overload Shots . | . . . . . . . Overflow Damage 35 | . . 8 . . 12 15 Projectiles 27 | . . . . . 12 15 Explosions 8 | . . 8 . . . . Melee . | . . . . . . . Knockbacks 4 | . . . . . . 4 Impact . | . . . . . . . Kinetic 4 | . . . . . . 4 Secondary . | . . . . . . . Self-Inflicted Damage . | . . . . . . . Shots . | . . . . . . . Rammed . | . . . . . . . Targets Rammed . | . . . . . . . Kicked . | . . . . . . . Crushed . | . . . . . . . Highest Temperature 288 | . 246 . . . 166 288 Average Temperature 90 | . 77 . . . 81 112 Received Heat Transfer 396 | . 258 93 . . . 45 Siege Activations . | . . . . . . . Martial Activations . | . . . . . . . Shielding Activations . | . . . . . . . Robots Disrupted . | . . . . . . . Combat Hostiles . | . . . . . . . Robots Corrupted . | . . . . . . . Combat Hostiles . | . . . . . . . Parts Fried . | . . . . . . . Impact Corruptions . | . . . . . . . Robots Melted 1 | . . . . . . 1 Combat Hostiles 1 | . . . . . . 1 Parts Melted 2 | . 1 . . . . 1 Heat Transferred 1517 | . 962 . . . 185 370 Parts Sabotaged . | . . . . . . . Parts Stolen . | . . . . . . . Parts Stripped . | . . . . . . . Power Chain Reactions . | . . . . . . . Alert | -11 -10 -9 -9 -9 -8 -8 ------- Run | Yrd Mat Mat Min Exi Min Mat Maximum Alert Level . | . . . . . . . Low Security (%) 100 | 100 100 100 100 . 100 100 Level 1 . | . . . . . . . Level 2 . | . . . . . . . Level 3 . | . . . . . . . Level 4 . | . . . . . . . Level 5 . | . . . . . . . High Security . | . . . . . . . Max Security . | . . . . . . . Peak Influence 164 | . 164 84 17 . 5 56 Initial 59 | . . 59 17 . . . Average 55 | . 80 47 5 . . 30 Influence Increases 851 | . 510 171 . . 5 165 Destroy 0b10 Robot/C 440 | . 320 60 . . . 60 Destroy 0b10 Robot/NC 45 | . 10 20 . . 5 10 Destroy Leader 114 | . 74 28 . . . 12 Successful Hack 7 | . . 7 . . . . Disable Machine 15 | . . . . . . 15 Destroy Structure 35 | . 1 26 . . . 8 Lose Combat Pursuer 195 | . 105 30 . . . 60 Influence Decreases 801 | . 370 265 46 . 5 115 Entered New Map 110 | . . 81 29 . . . Time Decay 616 | . 330 174 17 . 5 90 Lost Part 75 | . 40 10 . . . 25 Squads Dispatched 13 | . 5 3 . . . 5 Investigation 3 | . 2 1 . . . . Extermination . | . . . . . . . Reinforcement 10 | . 3 2 . . . 5 Assault . | . . . . . . . Garrison . | . . . . . . . Intercept . | . . . . . . . Searches Triggered . | . . . . . . . Construction Impeded 1 | . . 1 . . . . Haulers Reinforced . | . . . . . . . Active Scanning Responses . | . . . . . . . Cargo Convoy Interrupts . | . . . . . . . Stealth | -11 -10 -9 -9 -9 -8 -8 --------- Run | Yrd Mat Mat Min Exi Min Mat Distress Signals 4 | . 1 2 . . . 1 Communications Jammed . | . . . . . . . Distress Signals . | . . . . . . . Times Spotted 75 | . 30 13 . . . 32 Peak Tracking Total 18 | . 4 5 . . . 18 Tactical Retreats 8 | . 5 2 . . . 1 Traps | -11 -10 -9 -9 -9 -8 -8 ------- Run | Yrd Mat Mat Min Exi Min Mat Traps Triggered 2 | . 2 . . . . . Indirectly . | . . . . . . . Trap Hack Attempts . | . . . . . . . Triggered . | . . . . . . . Disarmed . | . . . . . . . Reprogrammed . | . . . . . . . Reused . | . . . . . . . Traps Extracted . | . . . . . . . Installed . | . . . . . . . Triggered . | . . . . . . . Machines | -11 -10 -9 -9 -9 -8 -8 ---------- Run | Yrd Mat Mat Min Exi Min Mat Machines Disabled 1 | . . . . . . 1 Max in Single Turn 1 | . . . . . . 1 Machines Repaired . | . . . . . . . Machines Dismantled . | . . . . . . . Machines Sabotaged . | . . . . . . . Overloaded Fab Kills . | . . . . . . . Hacking | -11 -10 -9 -9 -9 -8 -8 --------- Run | Yrd Mat Mat Min Exi Min Mat Machines Accessed 11 | . 2 3 . 5 . 1 Terminals 2 | . 1 1 . . . . Fabricators . | . . . . . . . Repair Stations . | . . . . . . . Recycling Units 2 | . 1 1 . . . . Scanalyzers 2 | . . 1 . . . 1 Garrison Access . | . . . . . . . Total Hacks 68 | . 8 9 . 50 . 1 Successful 61 | . 2 8 . 50 . 1 Failed 7 | . 6 1 . . . . Catastrophic . | . . . . . . . Database Lockouts . | . . . . . . . Manual 5 | . . 4 . 1 . . Terminals 6 | . 4 2 . . . . Fabricators . | . . . . . . . Repair Stations . | . . . . . . . Recycling Units 6 | . 4 2 . . . . Scanalyzers 6 | . . 5 . . . 1 Garrison Access . | . . . . . . . Terminal Hacks 53 | . 1 2 . 50 . . Record 49 | . . . . 49 . . Prototype ID Bank 1 | . . 1 . . . . Alert Level 1 | . . 1 . . . . Investigation Status 1 | . 1 . . . . . Proto ID Catalog 1 | . . . . 1 . . Fabricator Hacks . | . . . . . . . Repair Station Hacks . | . . . . . . . Recycling Unit Hacks 3 | . 1 2 . . . . Process 1 | . . 1 . . . . Report Inventory 2 | . 1 1 . . . . Scanalyzer 5 | . . 4 . . . 1 Retrieve Study 5 | . . 4 . . . 1 Garrison Access Hacks . | . . . . . . . Unauthorized Hacks . | . . . . . . . Terminals . | . . . . . . . Fabricators . | . . . . . . . Repair Stations . | . . . . . . . Recycling Units . | . . . . . . . Scanalyzers . | . . . . . . . Garrison Access . | . . . . . . . Data Cores Recovered . | . . . . . . . Used . | . . . . . . . Hacking Detections 4 | . 2 2 . . . . Full Trace Events 3 | . 2 1 . . . . Feedback Events . | . . . . . . . Feedback Blocked . | . . . . . . . Robot Schematics Acquired . | . . . . . . . Robots Built . | . . . . . . . Authchips . | . . . . . . . Time . | . . . . . . . Total Robot Build Rating . | . . . . . . . Part Schematics Acquired . | . . . . . . . Parts Built . | . . . . . . . Authchips . | . . . . . . . Time . | . . . . . . . Total Part Build Rating . | . . . . . . . Part Studies Acquired 5 | . . 4 . . . 1 Parts Repaired . | . . . . . . . Time . | . . . . . . . Parts Recycled . | . . . . . . . Recycled Matter 3 | . . 3 . . . . Retrieved Matter . | . . . . . . . Retrieved Components . | . . . . . . . Parts Scanalyzed . | . . . . . . . Part Schematics Acquired . | . . . . . . . Parts Damaged . | . . . . . . . Bothacking | -11 -10 -9 -9 -9 -8 -8 ------------ Run | Yrd Mat Mat Min Exi Min Mat Used RIF Installer . | . . . . . . . Robots Hacked . | . . . . . . . Non-combat . | . . . . . . . Combat . | . . . . . . . Robot Hacks Applied . | . . . . . . . Relay Couplers Released . | . . . . . . . Fabnet Peak Effective % . | . . . . . . . Robots Rewired . | . . . . . . . Allies Hacked . | . . . . . . . Hacks Repelled . | . . . . . . . Allies | -11 -10 -9 -9 -9 -8 -8 -------- Run | Yrd Mat Mat Min Exi Min Mat Total Allies . | . . . . . . . Largest Group . | . . . . . . . Highest-Rated Group . | . . . . . . . Highest-Rated Ally . | . . . . . . . Total Orders . | . . . . . . . Ally Attacks . | . . . . . . . Total Damage . | . . . . . . . Kills . | . . . . . . . Allies Corrupted . | . . . . . . . Allies Melted . | . . . . . . . Intel | -11 -10 -9 -9 -9 -8 -8 ------- Run | Yrd Mat Mat Min Exi Min Mat Active Infowar (turns) 1012 | . . 375 86 313 111 127 Optics 1012 | . . 375 86 313 111 127 Sensors 12 | . . . . . . 12 Robot Analysis Total . | . . . . . . . Derelict Logs Recovered . | . . . . . . . Drone Launches . | . . . . . . . Drone Recoveries . | . . . . . . . Exploration | -11 -10 -9 -9 -9 -8 -8 ------------- Run | Yrd Mat Mat Min Exi Min Mat Turns Passed 2045 | 65 881 375 86 313 111 214 Spaces Moved 2244 | 48 333 249 84 915 248 367 Core 41 | 11 6 . . . . 24 Treads . | . . . . . . . Legs 270 | 23 247 . . . . . Wheels 344 | 14 80 249 1 . . . Hover . | . . . . . . . Flight 1589 | . . . 83 915 248 343 Fastest Speed 30 | 50 115 115 34 34 34 30 Average Speed 67 | 98 191 115 34 34 34 34 Slowest Speed 800 | 120 800 115 115 34 34 50 Overloaded Moves . | . . . . . . . Propulsion Burnouts . | . . . . . . . Robots Hopped 6 | . . . . . . 6 Potential Cave-ins . | . . . . . . . Cave-ins Triggered . | . . . . . . . Exploration Rate (%) 45 | 3 50 41 33 95 61 37 Regions Visited 6 Branch Regions 3 Pre-discovered Areas 1 | . . . . 1 . . Known Exits Taken 1 | . . . . . 1 . Unknown Exits Taken 5 | 1 1 1 1 1 . . Scrap Searched 3 | . . . 1 . 2 . Spaces Dug . | . . . . . . . Terrain Destroyed 45 | . . 38 . . . 7 Melee . | . . . . . . . Projectile 7 | . . . . . . 7 AOE 38 | . . 38 . . . . Terrain Rammed . | . . . . . . . Walls Destroyed . | . . . . . . . Machines Disabled . | . . . . . . . Actions | -11 -10 -9 -9 -9 -8 -8 --------- Run | Yrd Mat Mat Min Exi Min Mat Total 2570 | 66 465 308 144 916 264 407 Wait 72 | . 33 4 33 . . 2 Move 2226 | 47 332 248 83 914 247 355 Hop 6 | . . . . . . 6 Pick Up 57 | 11 16 18 2 1 3 6 Fast Attach 5 | . . . . . 1 4 Attach 20 | 5 6 2 4 . . 3 Detach . | . . . . . . . Swap 22 | 1 5 1 6 . 2 7 Drop 37 | 2 6 4 16 1 5 3 Fire 125 | . 67 31 . . 6 21 Melee . | . . . . . . . Ram . | . . . . . . . Kick . | . . . . . . . Crush . | . . . . . . . Escape Stasis . | . . . . . . . Rewire . | . . . . . . . Trap . | . . . . . . . Miscellaneous . | . . . . . . . Route ------- -11/Scrapyard -10/Materials (discovered 2 exits: *Mat / [*Min]) -9/Materials (discovered 2 exits: *Mat / [*Min]) -9/Mines -9/Exiles (discovered 2 exits: [*Min x2]) -8/Mines -8/Materials History --------- Turn | Location | Event 28 | -11/Scrapyard | Discovered new exit (range 15) 66 | -11/Scrapyard | Entered Materials 89 | -10/Materials | Discovered new exit (range 9) 303 | -10/Materials | Build established: Mutant 873 | -10/Materials | Discovered new exit (range 12) 947 | -10/Materials | Entered another Materials area 947 | -9/Materials | Evolved 2 slots: Propulsion x1, Utility x1 1189 | -9/Materials | Met 8R-AWN 1226 | -9/Materials | Discovered new exit (range 17) 1303 | -9/Materials | Discovered new exit (range 9) 1322 | -9/Materials | Entered Mines 1324 | -9/Mines | Followed 8R-AWN into the Mines 1352 | -9/Mines | Found a hidden stash of uninstalled traps 1356 | -9/Mines | Met a Derelict bent on vengeance 1382 | -9/Mines | Assembled infested the area 1402 | -9/Mines | Discovered new exit (range 5) 1408 | -9/Mines | Entered Exiles 1414 | -9/Exiles | Discovered new exit (range 15) 1418 | -9/Exiles | Welcomed by 8R-AWN 1424 | -9/Exiles | Met EX-HEX 1437 | -9/Exiles | Met EX-DEC 1440 | -9/Exiles | Learned location of Zion (-7) 1453 | -9/Exiles | Discovered new exit (range 12) 1484 | -9/Exiles | Visited The Gauntlet 1510 | -9/Exiles | Build established: Scavenger-Mutant 1526 | -9/Exiles | Met EX-BIN 1533 | -9/Exiles | Aligned with FarCom system 1533 | -9/Exiles | Given EX-Vault access code 1549 | -9/Exiles | Opened EX-Vault 1552 | -9/Exiles | Found Prototype Device 1553 | -9/Exiles | Identified Chronowheel 1560 | -9/Exiles | Warned to stay clear of 0b10 Research branches 1625 | -9/Exiles | Learned about 8R-AWN's background 1721 | -9/Exiles | Left Exiles lab with Chronowheel 1721 | -9/Exiles | Entered Mines 1784 | -8/Mines | Discovered new exit (range 5) 1785 | -8/Mines | Identified exit to Materials 1824 | -8/Mines | Found a Scrap Suit stashed away for nefarious purposes 1826 | -8/Mines | Found Scrap Suit 1832 | -8/Mines | Entered Materials 1832 | -8/Materials | Evolved 2 slots: Utility x2 2021 | -8/Materials | Core integrity fell below 50% 2036 | -8/Materials | Activated Chronowheel 2037 | -8/Materials | Core integrity fell below 20% 2046 | -8/Materials | Destroyed by C-17 Slicer with Blade Saw Last Messages --------------- Penetrated by Slug. Knocked back. ALERT: Hostiles spotted, dispatching reinforcements to Terminal M005. Imp. Sensor Array severed. Surge Thruster destroyed. Flight Unit+ severed. Spacetime feels off. U-05 Engineer builds a Wall. Adv. Weight Redist. System severed. Visual Processing Unit severed. O-24 Administrator sends out distress signal. O-24 Administrator: "IFF HANDSHAKE FAILED. SECURING TERMINAL." Spacetime is rapidly distorting... O-24 Administrator uses terminal to summon reinforcements. ALERT: Hostiles spotted, dispatching reinforcements to Terminal M002. O-24 Administrator locks terminal. Map ----- +----------------------------------------------------+ | ????????????????????????????????? | | ????????????????????????????????? | | ????????????????????????????????? | | ????????????????????????????????? | | ????????????????????????????????? | | ????????????????????????????????? | | ????????? ????????????????????? | | ???????? #???????????????????? | | ????????# #???????????????????? | | ##??????# #??????????gg???????? | | #??????# #?????????? ??????? | | #??????# #?????????+ g ??????? | | #??????# #?????????# #?????? | | #??????# #?????????# #?????? | | #??????# #???Y?????# #?????? | | #??????# #?????????# #?????? | | ???????# #???#+#???# #?????? | | ????????# #???# #???# #?????? | | ######### ##### ##### #?????? | | #?????? | | = c #?????? | | ! g "" #?????? | | ## ########### g""o #???? # | | ?# #?????????# "T #??"" # | | ?# #?????????#s "" # "" # | | ?# #?????????# s"" cc@/ # | | ?# #?????????# scs # ! =# | | ?+ #?????????# k #?? # | | ?# #?????????# #### #???? # | | ?# +?????????# #??##+##?????? | | ?# #?????????# #????????????? | | ?# #?????????# #????????????? | | ?# #?????????# +????????????? | | ? ????????? #????????????? | | ? ????????? #????????????? | | ? ????????? #????????????? | | ?? ????????#######????????????? | | ????????????????????????????????? | | ????????????????????????????????? | | ???????????????????????Y????????? | | ????????????????????????????????? | | ????????????????????????????????? | | ????????????????????????????????? | | ????????????????????????????????? | | ????????????????????????????????? | | ????????????????????????????????? | | ????????????????????????????????? | | ????????????????????????????????? | | ????????????????????????????????? | | ????????????????????????????????? | +----------------------------------------------------+ Best States ------------- Heat Dissipation 38 Energy Generation 14 Energy Capacity 250 Matter Stores 300 Matter Capacity 300 Sight Range 18 Robot Scan Range 15 Terrain Scan Density 10 Additional Mass Support 9 Evasion (%) 72 Item Schematics ----------------- None Robot Schematics ------------------ None Fabricated ------------ Nothing Repaired ---------- Nothing Studied --------- Flight Unit | -9/Materials | Hacked Hover Unit | -9/Materials | Hacked Ion Engine | -9/Materials | Hacked Lgt. Assault Rifle | -9/Materials | Hacked VTOL Module | -8/Materials | Hacked Alien Tech Used ----------------- None Achievements -------------- Follow The Leader Heavy Suspicion I Spy Librarian Sixth Sense Spot Them First Tourist Challenges ------------ None Game ------ Seed CouplerTachyonFlightbrick Manual? 0 Play Time 00:57:01 Cumulative 4.9 hours Start 2026.09.12 @ 12:24:27 End 2026.09.12 @ 13:27:07 Sessions 1 Manual Loads 0 Difficulty Rogue Special Mode None Game No. 4 Rogue 4 Adventurer 0 Explorer 0 Win Type - Total 0 Types 0/0/0/0/0/0/0/0/0/0 Lore% 5 Gallery% 7 Achievement% 10 Wizard Run 0 Options --------- Layout 1 ASCII 0 Keyboard 0 Movement Mouse Keybinds 0 Fullscreen 1 Font 24/Smallcaps Map View 50x35 Zoom Use 0% Tactical HUD 0 Map Filters NONE Filters NONE Steam 1 RUN: b2d3fe96-bc1d-47d8-8e3e-4c3356dbdfbe